[Event "Ch FRA 2024 Open B"]
[Site "ALPE D'HUEZ, France"]
[Date "2024.08.24"]
[Round "8.4"]
[White "QUIEVY , Gabriel"]
[Black "GUECHCHATI, Ilyess"]
[Result "0-1"]
[ECO "D26"]
[WhiteElo "1921"]
[BlackElo "1965"]
[PlyCount "158"]
[EventDate "2024.??.??"]
[TimeControl "90/40+30:0"]

1. d4 {18} d5 {11} 2. c4 {13} dxc4 {6} 3. Nf3 {6} Nf6 {7} 4. e3 {5} e6 {5} 5.
Bxc4 {7} c5 {4} 6. O-O {10} Nc6 {5} 7. Nc3 {12} Be7 {14} 8. dxc5 {89} Qxd1 {16}
9. Rxd1 {9} Bxc5 {5} 10. a3 {39} O-O {48} 11. b4 {40} Be7 {21} 12. Bb2 {36} Bd7
{768} 13. h3 {236} Rfd8 {60} 14. e4 {1040} Be8 {1562} 15. e5 {160} Nd7 {40} 16.
Ne4 {321} Bf8 {324} 17. Rac1 {1534} Nb6 {894} 18. Bb3 {90} Rab8 {50} 19. Nd4 {
1606} Ne7 {797} 20. f4 {0} Ba4 {620} 21. Nc5 {47} Bxb3 {68} 22. Ndxb3 {53} Ned5
{59} 23. g3 {79} Nd7 {100} 24. Bd4 {150} b6 {68} 25. Nxd7 {63} Rxd7 {6} 26. Bf2
{116} h5 {148} 27. h4 {54} g6 {236} 28. Rd2 {0} a5 {177} 29. bxa5 {25} Bxa3 {0}
30. Ra1 {89} Bb4 {11} 31. Rc2 {106} bxa5 {95} 32. Nxa5 {22} Ra8 {67} 33. Nb3 {
20} Rxa1+ {18} 34. Nxa1 {6} Nxf4 {32} 35. Rc8+ {95} Kg7 {38} 36. gxf4 {23} Rd1+
{5} 37. Kg2 {6} Rxa1 {8} 38. Bb6 {65} Be7 {251} 39. Bf2 {9} Ra3 {56} 40. Rc7 {
30} Bb4 {49} 41. Rc4 {461} Rb3 {205} 42. Bb6 {673} Be7 {198} 43. Bf2 {20} Rb2 {
85} 44. Kf3 {26} Rb3+ {265} 45. Kg2 {18} Rb8 {137} 46. Kf3 {193} Bd8 {58} 47.
Ra4 {77} Rc8 {206} 48. Kg2 {67} Kf8 {31} 49. Kf3 {89} Ke8 {65} 50. Kg2 {42} Rc7
{196} 51. Kf3 {125} Kd7 {131} 52. Kg3 {155} Rc3+ {183} 53. Kg2 {4} Bc7 {33} 54.
Rd4+ {125} Kc6 {40} 55. Kf1 {86} Rc2 {151} 56. Be1 {128} Bb6 {51} 57. Rd6+ {18}
Kc7 {17} 58. Bg3 {77} Bc5 {28} 59. Rd3 {44} Kc6 {31} 60. Rd8 {57} Kc7 {92} 61.
Rh8 {35} Kd7 {13} 62. Rb8 {22} Be7 {49} 63. Rb7+ {14} Rc7 {27} 64. Rxc7+ {11}
Kxc7 {6} 65. Ke2 {11} Kc6 {14} 66. Kf3 {34} Kd5 {6} 67. Bf2 {37} Ba3 {286} 68.
Bb6 {92} Be7 {18} 69. Bf2 {4} Kc4 {51} 70. Ke4 {46} Kc3 {20} 71. Kf3 {40} Kd3 {
13} 72. Be1 {21} Bd8 {47} 73. Bf2 {25} Kd2 {31} 74. Bg3 {35} Bb6 {18} 75. Bh2 {
34} Ke1 {33} 76. f5 {33} exf5 {38} 77. Kf4 {6} Bd8 {25} 78. Bg3+ {10} Ke2 {28}
79. e6 {29} fxe6 {19} 0-1

[Event "Ch FRA 2024 Open B"]
[Site "ALPE D'HUEZ, France"]
[Date "2024.08.25"]
[Round "9.1"]
[White "ABIVEN, Pierre-Louis"]
[Black "LE GEAY, Joachim"]
[Result "1/2-1/2"]
[ECO "C02"]
[WhiteElo "1956"]
[BlackElo "1850"]
[PlyCount "118"]
[EventDate "2024.??.??"]
[TimeControl "90/40+30:0"]

1. e4 {5} e6 {8} 2. d4 {7} d5 {3} 3. e5 {7} c5 {4} 4. c3 {3} Qb6 {22} 5. Nf3 {6
} Bd7 {26} 6. Be2 {176} Bb5 {21} 7. O-O {6} Bxe2 {105} 8. Qxe2 {5} Nc6 {167} 9.
dxc5 {218} Bxc5 {57} 10. b4 {11} Bf8 {120} 11. Na3 {205} a6 {305} 12. Nc2 {212}
Nge7 {285} 13. Ncd4 {1215} Nxd4 {262} 14. Nxd4 {15} Nc6 {123} 15. Nxc6 {375}
Qxc6 {43} 16. Bd2 {86} Rc8 {211} 17. Be3 {349} Qc4 {150} 18. Qd1 {111} Be7 {158
} 19. Bd4 {43} Qc6 {342} 20. f4 {183} g6 {58} 21. a3 {123} Bd8 {160} 22. Qd2 {
687} Bb6 {150} 23. Rac1 {314} Ke7 {381} 24. Kh1 {134} Bxd4 {120} 25. cxd4 {46}
Qb6 {114} 26. Rc5 {109} Rxc5 {181} 27. bxc5 {333} Qb5 {39} 28. Kg1 {72} Rc8 {
136} 29. g4 {301} Kd7 {239} 30. Qf2 {236} b6 {160} 31. f5 {154} gxf5 {106} 32.
gxf5 {11} Rg8+ {38} 33. Kh1 {10} Rg7 {193} 34. cxb6 {296} Qxb6 {194} 35. fxe6+
{28} fxe6 {131} 36. Qf8 {33} Re7 {24} 37. Rc1 {14} Qd8 {117} 38. Qxd8+ {64}
Kxd8 {6} 39. Rc6 {7} a5 {103} 40. Kg2 {173} Ke8 {182} 41. Ra6 {100} Kf7 {17}
42. Rxa5 {58} Kg6 {199} 43. Ra8 {519} Kf5 {262} 44. Kf3 {200} Rc7 {54} 45. Rf8+
{82} Kg5 {7} 46. Kg3 {288} Rc4 {157} 47. h4+ {173} Kg6 {71} 48. Rf6+ {56} Kg7 {
4} 49. Rxe6 {64} Rxd4 {8} 50. Rd6 {169} Kf7 {165} 51. h5 {100} Ra4 {199} 52.
Rxd5 {108} Ke6 {5} 53. Rb5 {84} Kf5 {14} 54. e6+ {39} Kxe6 {5} 55. Rb7 {43} Kf6
{23} 56. Rxh7 {28} Rxa3+ {9} 57. Kg4 {23} Ra4+ {5} 58. Kg3 {11} Kg5 {6} 59. h6
{31} Ra6 {22} 1/2-1/2

[Event "Ch FRA 2024 Open B"]
[Site "ALPE D'HUEZ, France"]
[Date "2024.08.25"]
[Round "9.2"]
[White "BEAUVOIS, Benjamin"]
[Black "GUECHCHATI, Ilyess"]
[Result "1-0"]
[ECO "B11"]
[WhiteElo "1957"]
[BlackElo "1965"]
[PlyCount "145"]
[EventDate "2024.??.??"]
[TimeControl "90/40+30:0"]

1. e4 {0} c6 {187} 2. Nc3 {6} d5 {16} 3. Nf3 {4} Bg4 {4} 4. h3 {4} Bxf3 {6} 5.
Qxf3 {5} e6 {11} 6. g3 {3} Nf6 {105} 7. Bg2 {14} Bc5 {22} 8. O-O {113} Nbd7 {13
} 9. Qe2 {319} O-O {22} 10. d3 {147} a5 {19} 11. exd5 {545} exd5 {638} 12. Bf4
{376} Re8 {184} 13. Qd1 {71} a4 {446} 14. Rb1 {758} Qe7 {589} 15. a3 {522} Nf8
{525} 16. Re1 {351} Qxe1+ {348} 17. Qxe1 {2} Rxe1+ {7} 18. Rxe1 {3} Ne6 {18}
19. Ne2 {35} Ra6 {376} 20. Bd2 {679} Rb6 {371} 21. Bc1 {6} Kf8 {264} 22. Kf1 {
284} Ne8 {184} 23. h4 {178} Nd6 {159} 24. Bh3 {291} Nb5 {837} 25. Bxe6 {94}
fxe6 {5} 26. Nf4 {12} Nc7 {49} 27. Nxe6+ {45} Nxe6 {5} 28. Rxe6 {5} Bd4 {63}
29. c3 {72} Bf6 {83} 30. d4 {351} Rb5 {274} 31. Ke1 {119} Kf7 {31} 32. Re2 {8}
h6 {115} 33. Kd1 {91} b6 {42} 34. Kc2 {219} c5 {57} 35. dxc5 {79} bxc5 {41} 36.
Kd3 {510} Rb3 {70} 37. Rc2 {5} Ke6 {94} 38. f3 {90} d4 {153} 39. Kc4 {26} Kd6 {
53} 40. Bf4+ {151} Kc6 {81} 41. Bc1 {172} Kb6 {571} 42. h5 {68} Kc6 {280} 43.
g4 {39} Kd6 {244} 44. f4 {32} Ke6 {193} 45. Kxc5 {327} dxc3 {123} 46. bxc3 {35}
Bxc3 {70} 47. Re2+ {106} Kf7 {78} 48. Re4 {78} Bf6 {112} 49. Rxa4 {121} Be7+ {
134} 50. Kd5 {86} Rc3 {55} 51. Rc4 {326} Rd3+ {243} 52. Ke4 {582} Rb3 {55} 53.
a4 {57} Rb1 {65} 54. a5 {84} Ra1 {17} 55. Bd2 {12} Ra2 {42} 56. Bc3 {47} Bd8 {
21} 57. Rc5 {32} Ra4+ {31} 58. Kf5 {44} Ra3 {36} 59. Bb4 {42} Ra4 {32} 60. Rb5
{12} Ra2 {30} 61. Rb8 {61} Ke8 {24} 62. Rb7 {27} Ra4 {14} 63. Kg6 {63} Ra1 {35}
64. Kxg7 {39} Rg1 {5} 65. a6 {34} Rxg4+ {34} 66. Kxh6 {6} Rxf4 {16} 67. a7 {43}
Rg4 {36} 68. Re7+ {38} Bxe7 {71} 69. a8=Q+ {6} Kf7 {16} 70. Qf3+ {7} Kg8 {46}
71. Qxg4+ {12} Kh8 {9} 72. Bc3+ {5} Bf6 {12} 73. Qc8# {14} 1-0

[Event "Ch FRA 2024 Open B"]
[Site "ALPE D'HUEZ, France"]
[Date "2024.08.25"]
[Round "9.3"]
[White "SAMOUELIAN, Solal"]
[Black "LADIGUE, Aurelien"]
[Result "1/2-1/2"]
[ECO "C02"]
[WhiteElo "1913"]
[BlackElo "1885"]
[PlyCount "92"]
[EventDate "2024.??.??"]
[TimeControl "90/40+30:0"]

1. e4 {2} e6 {7} 2. d4 {4} d5 {4} 3. e5 {4} c5 {4} 4. c3 {3} Nc6 {3} 5. Nf3 {5}
Bd7 {5} 6. Be2 {4} Nge7 {4} 7. Na3 {8} cxd4 {4} 8. Nb5 {8} Nf5 {101} 9. Nbxd4 {
30} Nfxd4 {39} 10. cxd4 {0} Be7 {320} 11. O-O {32} O-O {31} 12. a3 {155} Na5 {
109} 13. Nd2 {256} Qb6 {352} 14. Nf3 {464} Rac8 {163} 15. b4 {54} Nc4 {35} 16.
Bg5 {35} f6 {316} 17. exf6 {0} gxf6 {270} 18. Bh6 {9} Rf7 {8} 19. Nh4 {263} Bf8
{137} 20. Bh5 {124} Bxh6 {265} 21. Bxf7+ {12} Kxf7 {4} 22. Qh5+ {7} Kg7 {18}
23. Rad1 {87} Be8 {132} 24. Qg4+ {10} Kh8 {24} 25. Rd3 {61} Bf7 {273} 26. f4 {
255} Nd6 {337} 27. Kh1 {220} Ne4 {41} 28. Qe2 {116} Qc7 {826} 29. f5 {153} e5 {
222} 30. dxe5 {44} Qxe5 {54} 31. Qf3 {316} Rc2 {70} 32. Rdd1 {93} Nd2 {268} 33.
Rxd2 {18} Rxd2 {6} 34. Qh3 {32} Qe3 {68} 35. Nf3 {52} Rf2 {51} 36. Rxf2 {35}
Qxf2 {17} 37. Qxh6 {6} Qf1+ {14} 38. Ng1 {12} Qxf5 {15} 39. Qf8+ {37} Bg8 {6}
40. Nf3 {100} d4 {90} 41. Kg1 {32} Qb1+ {191} 42. Kf2 {15} Qb2+ {4} 43. Kg3 {69
} d3 {22} 44. Kh3 {86} Qc3 {155} 45. g3 {49} b5 {288} 46. Nh4 {263} Qe5 {113}
1/2-1/2

[Event "Ch FRA 2024 Open B"]
[Site "ALPE D'HUEZ, France"]
[Date "2024.08.25"]
[Round "9.4"]
[White "PERRET, Timothe"]
[Black "ALCINDOR, Samuel"]
[Result "1-0"]
[ECO "B10"]
[WhiteElo "1911"]
[BlackElo "1857"]
[PlyCount "87"]
[EventDate "2024.??.??"]
[TimeControl "90/40+30:0"]

1. e4 {241} c6 {15} 2. Nf3 {186} d5 {183} 3. d3 {97} dxe4 {0} 4. dxe4 {7} Qxd1+
{0} 5. Kxd1 {16} Bg4 {47} 6. Be2 {9} Nd7 {235} 7. Ne1 {22} Ngf6 {396} 8. f3 {
208} Be6 {211} 9. Nd3 {410} Bc4 {181} 10. Be3 {279} e6 {192} 11. Ke1 {363} Bd6
{180} 12. Kf2 {201} Rg8 {494} 13. Nd2 {445} Ba6 {193} 14. a4 {811} g5 {277} 15.
g3 {200} h5 {576} 16. c4 {283} b6 {542} 17. b4 {146} Ne5 {293} 18. Nxe5 {650}
Bxe5 {8} 19. Rad1 {65} Bc3 {86} 20. b5 {41} Bb7 {65} 21. c5 {25} Bxd2 {498} 22.
Rxd2 {190} bxc5 {46} 23. Bxc5 {28} g4 {50} 24. Rhd1 {354} gxf3 {28} 25. Kxf3 {
55} a6 {174} 26. bxa6 {15} Bxa6 {280} 27. Bxa6 {8} Rg5 {13} 28. Bb7 {48} Rxc5 {
83} 29. Bxa8 {6} Rc4 {34} 30. a5 {25} Nxe4 {30} 31. Bxc6+ {9} Rxc6 {7} 32. Kxe4
{25} Rc5 {24} 33. Ra2 {9} f5+ {19} 34. Kf3 {24} Rc7 {75} 35. a6 {7} Ra7 {5} 36.
Rb1 {4} Kd8 {21} 37. Rb7 {9} Ra8 {6} 38. a7 {7} Kc8 {32} 39. Rh7 {6} e5 {56}
40. Rc2+ {7} Kd8 {7} 41. Rcc7 {9} e4+ {55} 42. Kf4 {5} h4 {9} 43. Rcg7 {6} Rxa7
{21} 44. Rh8# {5} 1-0